 Dungeon Crawl Stone Soup version 0.24.0-13-gcf9b3192b9 (webtiles) character file.

Game seed: 6056688636899580465, levelgen mode: deterministic

1110 Froggeryz the Basher (level 8, -2/44 HPs)
             Began as a Gargoyle Gladiator on Nov 9, 2019.
             Killed by divine providence
             ... invoked by an orc priest
              (16 damage)
             ... on level 6 of the Dungeon.
             The game lasted 00:06:17 (5918 turns).

Froggeryz the Basher (Gargoyle Gladiator)           Turns: 5918, Time: 00:06:18

Health: -2/44      AC: 10    Str: 18    XL:     8   Next: 33%
Magic:  8/8        EV: 12    Int: 16    God:
Gold:   288        SH:  5    Dex: 12    Spells: 7/7 levels left

rFire    . . .     SeeInvis .   v - +0 morningstar
rCold    . . .     Gourm    +   t - +0 buckler
rNeg     + . .     Faith    .   b - +0 leather armour
rPois    ∞         Spirit   .   r - +1 helmet of Indemnity {Int+6}
rElec    +         Reflect  .   (no cloak)
rCorr    .         Harm     .   (no gloves)
MR       .....                  (no boots)
Stlth    +.........             i - amulet of the gourmand
HPRegen  0.14/turn              (no ring)
MPRegen  0.11/turn              (no ring)

@: no status effects
A: negative energy resistance 1, electricity resistance, unbreathing,
petrification resistance, rot immunity, AC +5
a: no special abilities


You were on level 6 of the Dungeon.
You were very full.

You visited 1 branch of the dungeon, and saw 6 of its levels.

You collected 288 gold pieces.

Inventory:

Hand Weapons
 v - a +0 morningstar (weapon)
Missiles
 d - 3 throwing nets (quivered)
Armour
 b - a +0 leather armour (worn)
 r - the +1 helmet of Indemnity (worn) {Int+6}
   (You took it off Robin on level 3 of the Dungeon)

   It affects your intelligence (+6).
 t - a +0 buckler (worn)
Jewellery
 i - an amulet of the gourmand (around neck)
Wands
 a - a wand of digging (7)
 w - a wand of paralysis (8)
Scrolls
 c - a scroll of enchant armour {unknown}
 e - 4 scrolls of amnesia {unknown}
 j - a scroll of fear {unknown}
 l - 6 scrolls of teleportation {unknown}
 o - 5 scrolls of identify {unknown}
 p - a scroll of remove curse {unknown}
 x - a scroll of immolation {unknown}
 y - a scroll of blinking {unknown}
Potions
 g - a potion of cancellation {unknown}
 h - 2 potions of degeneration {unknown}
 k - 2 potions of haste {unknown}
 m - 3 potions of might {unknown}
 n - 2 potions of mutation {unknown}
 q - a potion of heal wounds
 s - a potion of berserk rage {unknown}
 u - 3 potions of curing {unknown}
Comestibles
 f - 10 rations


   Skills:
 - Level 2.1 Fighting
 * Level 9.0 Maces & Flails
 - Level 1.7 Throwing
 - Level 2.4 Dodging
 * Level 4.7 Shields


You had 7 spell levels left.
You didn't know any spells.
Your spell library was empty.

Dungeon Overview and Level Annotations

Branches:
Dungeon (6/15)             Temple (0/1) D:6

Altars:
Ashenzari
Elyvilon
Gozag
Hepliaklqana
Qazlal
Sif Muna
Zin


Innate Abilities, Weirdness & Mutations

You are resistant to torment.
Your stone body is resilient. (AC +5)
You are immune to poison.
You resist negative energy. (rN+)
You are resistant to electric shocks. (rElec)
You can survive without breathing.
You are immune to petrification.
You are immune to rotting.


Message History

The centaur shoots an arrow.
The arrow hits you!
The centaur shoots an arrow.
The arrow closely misses you.
Items here: ( ) [ † an arrow; a +0 whip; a +0 leather armour; an orc corpse The orc priest mumbles some strange prayers to Beogh against you.
Pain shoots through your body!
The centaur shoots an arrow.
The arrow barely misses you. The hound misses you.
The centaur shoots an arrow.
The arrow hits you!
* * * LOW HITPOINT WARNING * * *
You see here 2 arrows.
The hound bites you but does no damage.
You feel much better. The hound bites you.
An orc comes into view. It is wielding a +0 dagger.
The hound bites you but does no damage.
The centaur shoots an arrow.
The arrow hits you!
You see here an arrow.
The hound bites you but does no damage.
The orc priest mumbles some strange prayers to Beogh against you.
Beogh smites you!
You die...

#........)......(.#
......###...........#
......###..........#
###................#
#..#..###........##
#.###.###.........#
#.##.....######
##.##.##.##
#@....##.# #a...###.#
########h...# #.#
........o...# #.#
.#######.roc###.#
#.##.o....#.#
#...(o..o#.# .
##[...(.o#.## ..
##....(...o## ##..


You could see an orc warrior, a centaur, a hound, a worker ant, an orc priest, 4
orcs and a quokka.

Vanquished Creatures
  Menkaure (D:4)
  2 necrophages
  An ogre (D:4)
  A scorpion (D:5)
  A howler monkey (D:6)
  2 hounds
  An orc priest (D:5)
  3 iguanas
  5 orc wizards
  4 worker ants
  Robin (D:3)
  4 adders
  6 gnolls
  2 oozes
  An adder zombie (D:5)
  An adder skeleton (D:5)
  4 dart slugs
  2 leopard geckos
  11 orcs
  2 ball pythons
  4 giant cockroaches
  16 goblins
  10 hobgoblins
  6 jackals
  3 quokkas
  7 bats
  A giant cockroach zombie (D:6)
  6 kobolds
  6 rats
114 creatures vanquished.

Notes
Turn   | Place    | Note
-------+----------+-------------------------------------------
     0 | D:1      | Froggeryz the Gargoyle Gladiator began the quest for the
                  | Orb.
     0 | D:1      | Reached XP level 1. HP: 12/12 MP: 1/1
   110 | D:1      | Reached XP level 2. HP: 16/17 MP: 2/2
   442 | D:1      | Reached skill level 4 in Maces & Flails
   476 | D:1      | Reached XP level 3. HP: 21/21 MP: 3/3
   658 | D:2      | Found a white marble altar of Elyvilon.
   896 | D:2      | Found a shattered altar of Ashenzari.
  1320 | D:2      | Reached XP level 4. HP: 26/26 MP: 4/4
  1386 | D:2      | Reached skill level 5 in Maces & Flails
  2134 | D:2      | Reached XP level 5. HP: 28/30 MP: 5/5
  2568 | D:3      | Identified the +1 helmet of Indemnity {Int+6}
  2568 | D:3      | Noticed Robin
  2783 | D:3      | Killed Robin
  2785 | D:3      | Reached skill level 6 in Maces & Flails
  3160 | D:3      | Found a shimmering blue altar of Sif Muna.
  3272 | D:4      | Noticed an ogre
  3281 | D:4      | Killed an ogre
  3281 | D:4      | Reached XP level 6. HP: 12/35 MP: 6/6
  3501 | D:4      | Noticed Menkaure
  3513 | D:4      | Killed Menkaure
  3513 | D:4      | Reached skill level 7 in Maces & Flails
  3891 | D:4      | Found a stormy altar of Qazlal.
  3923 | D:4      | Reached XP level 7. HP: 39/40 MP: 7/7
  3987 | D:4      | Found a hazy altar of Hepliaklqana.
  4096 | D:4      | Found a glowing silver altar of Zin.
  4191 | D:5      | Entered Level 5 of the Dungeon
  4378 | D:4      | Reached skill level 1 in Shields
  4557 | D:4      | Reached skill level 8 in Maces & Flails
  5208 | D:5      | Reached XP level 8. HP: 43/44 MP: 8/8
  5269 | D:5      | Found an opulent altar of Gozag.
  5886 | D:6      | Found a staircase to the Ecumenical Temple.
  5890 | D:6      | Reached skill level 9 in Maces & Flails
  5918 | D:6      | Killed from afar by an orc priest

Levels and vault maps discovered:
D:1:      lightli_arrival_lavapool, layout_rooms
D:2:      layout_basic, elyvilon_altar_1, ashenzari_conservatory_becter,
          first_ration, kennysheep_generic_room_2
D:3:      layout_basic, lemuel_blue_sif_altar, uniq_robin
D:4:      layout_gridville, nicolae_overflow_hidden_temple,
          nicolae_overflow_crystal_walls, overflow_temple_1_default,
          uniq_menkaure
D:5:      layout_loops_corners, basic_altar, minivault_1
D:6:      layout_rooms, tgw_trog, lemuel_doored_altar,
          minmay_temple_entry_large_hall, grunt_gozag_breadcrumbs

Skill      XL: |  1  2  3  4  5  6  7  8 |
---------------+-------------------------+-----
Maces & Flails | 4 5 6 7 8 9 |  9.0
Shields        | 3 4 |  4.7
Fighting       | |  2.1
Throwing       | |  1.7
Dodging        | |  2.4

Action                   |  1- 3 |  4- 6 |  7- 9 || total
-------------------------+-------+-------+-------++-------
Melee: Flail             |   109 |   202 |    52 ||   363
       Morningstar       |       |       |   144 ||   144
Throw: Throwing net      |       |     3 |       ||     3
  Use: Potion            |       |       |     2 ||     2
 Stab: Held in net/web   |       |     2 |       ||     2
       Sleeping          |       |       |     1 ||     1
  Eat: Chunk             |     1 |     6 |    14 ||    21
       Ration            |       |     1 |       ||     1
Armor: Leather armour    |    51 |   105 |    99 ||   255
Dodge: Dodged            |    93 |   161 |   116 ||   370
Block: Buckler           |       |       |    23 ||    23
